AoeStats
← naphtaligrauer16

African Clearing

510400608Analyzed
3v3 RM · 2d ago on Sep 30, 2026· 28m 37s· 6 players
Game mode
Random Map
Map size
Normal (6 player)
Population
200
Speed
Normal
Resources
Standard
Victory
Conquest
Starting age
Dark Age
Ending age
Imperial Age
RankedLock teamsTeams togetherTeam positionsShared explorationLock speedFull tech treeHidden civsTurbo modeCheats
Victory
Defeat
🇩🇪 Sicilians · Germany
1700
+17
🇩🇪 Saracens · Germany
1648
+19
🇩🇪 Varangians · Germany
1584
+21
🇩🇪 Bulgarians · Germany
1801
-23
🇩🇪 Jurchens · Germany
1676
-18
🇨🇴 Portuguese · Colombia
1648
-16
ArabiaHaterNr.1
8:51 Loom
11:24 Feudal Age
12:25 Double-Bit Axe
15:50 Fletching
EL TIGRE ABELARDO
14:47 Feudal Age
15:20 Double-Bit Axe
18:46 Castle Age
16:57 Horse Collar
19:07 Wheelbarrow
19:44 Bow Saw
19:34 Heavy Plow
25:45 Loom
naphtaligrauer16
3:51 Loom
12:47 Feudal Age
14:27 Double-Bit Axe
16:49 Castle Age
15:46 Horse Collar
27:38 Scale Barding Armor
[KO19] Westequator
6:00 Loom
13:03 Feudal Age
17:07 Castle Age
16:04 Double-Bit Axe
[KO19] Tony
10:36 Loom
12:59 Feudal Age
16:51 Castle Age
15:34 Double-Bit Axe
16:51 Fletching
18:04 Bodkin Arrow
21:55 Horse Collar
24:47 Ballistics
[KO19] Stynz
9:42 Loom
12:26 Feudal Age
13:45 Double-Bit Axe
14:30 Town Watch
17:18 Fletching
18:51 Wheelbarrow
23:08 Castle Age
23:48 Bodkin Arrow
24:30 Bow Saw
Connection lost

Rejoining the realm…

Still unreachable

The connection could not be restored.

Session expired

The server has moved on; the page needs a fresh start.